 Dungeon Crawl Stone Soup version 0.28.0-53-g5a82cb258f (webtiles) character file.

Game seed: 13769318899465234839

34 LynnLen the Sneak (level 3, -2/19 HPs)
             Began as a Vampire Enchanter on Aug 16, 2022.
             Slain by a worm (9 damage)
             ... on level 2 of the Dungeon.
             The game lasted 00:02:32 (1090 turns).

LynnLen the Sneak (Vampire Enchanter)               Turns: 1090, Time: 00:02:32

Health: -2/19      AC:  2    Str:  7    XL:     3   Next: 14%
Magic:  6/6        EV: 12    Int: 17    God:
Gold:   60         SH:  0    Dex: 16    Spells: 1/6 levels left

rFire   . . .      SeeInvis +   a - +1 dagger
rCold   + + .      Faith    .   (no shield)
rNeg    + + +      Spirit   .   b - +0 robe
rPois   ∞          Reflect  .   (no helmet)
rElec   .          Harm     .   (no cloak)
rCorr   .          Rampage  .   (no gloves)
Will    .....                   (no boots)
Stlth   +++++.....              (no amulet)
HPRegen 0.00/turn               (no ring)
MPRegen 0.10/turn               (no ring)

@: bloodless, inhibited regen
A: bloodless, fangs 3, see invisible, vampiric 2
a: Bat Form, Revivify


You were on level 2 of the Dungeon.
You visited 1 branch of the dungeon, and saw 2 of its levels.

You collected 60 gold pieces.

Inventory:

Hand Weapons
 a - a +1 dagger (weapon)
Missiles
 e - 32 stones (quivered)
 g - 4 poisoned darts
Armour
 b - a +0 robe (worn)
Scrolls
 d - a scroll of identify {unknown}
Potions
 c - a potion of invisibility
 f - 2 potions of curing {unknown}


   Skills:
 + Level 2.1 Short Blades
 + Level 1.2 Armour
 - Level 2.1 Dodging
 + Level 5.2 Stealth
 - Level 2.0 Spellcasting
 - Level 4.4 Hexes


You had one spell level left.
You knew the following spells:

 Your Spells              Type           Power      Damage    Failure   Level
a - Confusing Touch       Hex            16%        N/A       10%         3
b - Ensorcelled Hibernat  Hex/Ice        18%        N/A       12%         2

Your spell library contained the following spells:

 Spells                   Type           Power      Damage    Failure   Level
 Tukima's Dance           Hex            16%        N/A       10%         3
 Dazzling Flash           Conj/Hex       18%        N/A       24%         3


Dungeon Overview and Level Annotations

Branches:
Dungeon (2/15)

Altars:


Innate Abilities, Weirdness & Mutations

You do not regenerate when monsters are visible.
You are frail without blood (-20% HP).
You can heal yourself when you bite living creatures.
You are immune to poison.
You have razor-sharp teeth.
You have supernaturally acute eyesight. (SInv)
You are afflicted with vampirism and can become a bat while bloodless.


Message History

d - a scroll labelled PEWNATWUPTU
Found a stone staircase leading down.
Found a stone staircase leading up.
A worm comes into view.
A worm is nearby!
The worm barely misses you.
You hit the worm but do no damage. You hit the worm.
The worm is lightly wounded.
The worm barely misses you.
You hit the worm.
The worm is lightly wounded.
You hit the worm.
The worm is moderately wounded.
The worm misses you.
You hit the worm.
The worm is moderately wounded.
You hit the worm.
The worm is heavily wounded.
The worm bites you.
You hit the worm.
The worm is heavily wounded.
You hit the worm. You bite the worm.
The worm is severely wounded.
The worm bites you.
You completely miss the worm.
The worm is severely wounded.
You hit the worm.
The worm is severely wounded.
The worm bites you!
Ouch! That really hurt!
You hit the worm.
The worm is almost dead.
The worm closely misses you.
You hit the worm but do no damage.
The worm is severely wounded.
You hit the worm but do no damage.
The worm is severely wounded.
The worm bites you!
You die...

#.##########
#.##.......#
#.##.......# #######
#.##.......#
......###.##.......#
...................#
....#.###.#........####.
..#.#.# #.#.............
..#.#.# #.##....@w.#
..#.#.# #.##.......#
..#.#.. ..##.......#
..#.### ..###..#####
..#.# #......# .....
...... ##... ........
######..


You could see a worm.

Vanquished Creatures
  A gnoll (D:1)
  A bat (D:1)
  2 endoplasms (D:1)
  A giant cockroach (D:1)
  3 goblins (D:1)
  4 hobgoblins (D:1)
  3 kobolds (D:1)
  2 quokkas (D:1)
  2 frilled lizards (D:1)
  A rat (D:1)
  A spectral goblin (D:1)
21 creatures vanquished.

Notes
Turn   | Place    | Note
-------+----------+-------------------------------------------
     0 | D:1      | LynnLen the Vampire Enchanter began the quest for the Orb.
     0 | D:1      | Reached XP level 1. HP: 13/13 MP: 3/3
   116 | D:1      | Found a faded altar of an unknown god.
   200 | D:1      | Reached XP level 2. HP: 8/15 MP: 5/5
   680 | D:1      | Reached skill level 1 in Armour
   680 | D:1      | Reached skill level 5 in Stealth
   766 | D:1      | Gained mutation: You are afflicted with vampirism and can
                  | become a bat while bloodless. [Vampire growth]
   766 | D:1      | Reached XP level 3. HP: 19/19 MP: 6/6
   771 | D:1      | Learned a level 3 spell: Confusing Touch
   774 | D:1      | Learned a level 2 spell: Ensorcelled Hibernation
  1090 | D:2      | Slain by a worm

Illustrated notes

Levels and vault maps discovered:
D:1:      psy_arrival_statuary, layout_loops_ring,
          dreamdust_ecumenical_altar_drowned_temple
D:2:      layout_basic, serial_shops, nicolae_diamond_shop,
          kennysheep_generic_room_14, uniq_natasha

Skill      XL: |  1  2 |
---------------+-------+-----
Armour         | 1 |  1.2
Stealth        | 5 |  5.2
Short Blades   | 2 |  2.1
Dodging        | |  2.1
Spellcasting   | |  2.0
Hexes          | |  4.4

Action                   || total
-------------------------++-------
Melee: Dagger            ||    70
       Bite              ||     6
 Abil: Exsanguinate      ||     1
  Use: Scroll            ||     1
 Stab: Sleeping          ||    12
Armor: Robe              ||     3
Dodge: Dodged            ||    30
